 Dungeon Crawl Stone Soup version 0.14-a0-2052-gb76ddfe (webtiles) character file.

812 M4edhros the Ruinous (level 7, -8/41 HPs)
             Began as an Octopode Conjurer on Jan 20, 2014.
             Was a High Priest of Jiyva.
             Mangled by ghwc's ghost (21 damage)
             ... on Level 6 of the Dungeon.
             The game lasted 00:10:57 (5069 turns).

M4edhros the Ruinous (Octopode Conjurer)            Turns: 5069, Time: 00:10:57

HP  -8/41        AC  6     Str  9      XL: 7   Next:  2%
MP  11/27        EV 13     Int 19      God: Jiyva [*****.]
Gold 371         SH  0     Dex 11      Spells:  4 memorised,  5 levels left

rFire  . . .     SeeInvis .     i - +2 hammer (protect)
rCold  . . .     Clarity  .     (no shield)
rNeg   . . .     Conserve .     (helmet restricted)
rPois  .         rCorr    +     (no amulet)
rElec  .         rRot     .     e - cursed ring of magical power
SustAb . .       Spirit   .     (no ring)
rMut   .         Warding  .     (no ring)
Saprov . . .     Stasis   .     (no ring)
MR     .....                    (no ring)
                                (no ring)
                                (no ring)
                                (no ring)

@: not resistant to hostile enchantments, quite stealthy
A: almost no armour, amphibious, 8 rings, constrict 8, camouflage 1, eyeballs 1,
gelatinous body 2
a: Request Jelly, Jelly Paralyse, Slimify, Cure Bad Mutation, Renounce Religion


You were on level 6 of the Dungeon.
You worshipped Jiyva.
Jiyva was extremely pleased with you.
You were not hungry.

You visited 1 branch of the dungeon, and saw 6 of its levels.

You collected 371 gold pieces.

Inventory:

Hand weapons
 h - the -2,-2 war axe of Innocence {freeze, +Rage +Inv SInv}
   (You found it on level 4 of the Dungeon)

   It has been specially enchanted to freeze those struck by it, causing extra
   injury to most foes and up to double damage against particularly susceptible
   opponents.
   It can also slow down cold-blooded creatures.
   It enhances your eyesight.
   It lets you turn invisible.
   It lets you go berserk.
 i - a +2,+2 hammer of protection (weapon)
 m - a +1,+3 hammer of draining
Comestibles
 b - 2 bread rations
 k - a rambutan
 p - a meat ration
Scrolls
 a - 3 scrolls of identify
 d - 4 scrolls of remove curse
 f - 2 scrolls of teleportation
 g - 2 scrolls of amnesia
 l - a scroll of enchant weapon I {unknown}
 n - 2 scrolls of recharging {unknown}
 o - a scroll of immolation
 r - a scroll of enchant armour
Jewellery
 e - a cursed ring of magical power (left tentacle)
 j - an uncursed ring of teleportation
Books
 c - a book of Conjurations

   Spells                             Type                      Level
   *Magic Dart                        Conjuration                  1
   *Searing Ray                       Conjuration                  2
   Dazzling Spray                     Conjuration/Hexes            3
   *Iskenderun's Mystic Blast         Conjuration                  4
   *Iskenderun's Battlesphere         Conjuration/Charms           4
   Fulminant Prism                    Conjuration/Hexes            5


   Skills:
 - Level 2.0 Dodging
 - Level 2.6 Stealth
 * Level 5.0 Spellcasting
 + Level 5.7 Conjurations
 + Level 2.2 Charms


You had 5 spell levels left.
You knew the following spells:

 Your Spells              Type           Power        Failure   Level  Hunger
a - Magic Dart            Conj           ####         1%          1    None
b - Searing Ray           Conj           ####..       1%          2    None
c - Iskenderun's Battles  Conj/Chrm      ###.....     28%         4    ####...
d - Iskenderun's Mystic   Conj           ####....     14%         4    ####...


Dungeon Overview and Level Annotations

Branches:
Dungeon (6/16)             Temple (0/1) D:5

Altars:
Dithmengos
Sif Muna
Yredelemnul
Jiyva

Annotations:
D:3 Grinder, Ijyb
D:6 ghwc's ghost, experienced MiFi


Innate Abilities, Weirdness & Mutations

You cannot wear most types of armour.
You are amphibious.
You can wear up to eight rings at the same time.
You can use your tentacles to constrict many enemies at once.
Your skin changes colour to match your surroundings (Stlth).
Your pliable body absorbs attacks (AC +1, EV +1).
Your body is partially covered in golden eyeballs (Acc +3).


Message History

Your battlesphere fires!
The barrage of energy hits ghwc's ghost.
Ghwc's ghost is severely damaged.
Ghwc's ghost hits you but does no damage.
Ghwc's ghost is nearby!
Casting: Magic Dart
Confirm with . or Enter, or press ? or * to list all spells.
Aiming: Magic Dart
Press: ? - help, Shift-Dir - straight line, f/p - ghwc's ghost
Aim: ghwc's ghost (severely damaged)
The magic dart hits ghwc's ghost.
Ghwc's ghost is severely damaged.
Your battlesphere fires!
The barrage of energy hits ghwc's ghost.
Ghwc's ghost is severely damaged.
Your battlesphere expends the last of its energy and dissipates.
Ghwc's ghost says, "I am made of steel!"
Ghwc's ghost hits you!
Ouch! That really hurt!
You die...

##########.#.##.##.##.#....#.#.##
.............##....##.#..........
##......##.######..##.######.#.##
........+........ยง.#.........#...
.#......#...###....#..###########
.#..........# #....#..#
.#.#####....###....#..#
.#.....#........p..#..#
.#####.#....####@..#..#
.....#.#....# #...#..#
.###.#.#.#### #...#..# .# #.#.#
#...#..# .# # #.#.#####
#.....######### .#
#.#.......###..............
####.###.###.....#...##########
.........###...................
###.##.<...........#..########.


You could see ghwc's ghost.

Vanquished Creatures
  Menkaure (D:5)
  Crazy Yiuf (D:5)
  2 worker ants
  A killer bee zombie (D:5)
  An ogre skeleton (D:4)
  4 gnolls
  4 adders
  2 adder skeletons (D:5)
  4 giant geckos
  4 oozes (D:4)
  6 orcs
  A ball python (D:4)
  9 bats
  5 giant cockroaches
  14 goblins
  14 hobgoblins
  12 jackals
  10 kobolds
  5 giant newts
  An orc zombie (D:6)
  2 quokkas
  10 rats
  A rat skeleton (D:5)
  A plant (D:1)
115 creatures vanquished.

Vanquished Creatures (others)
  3 jellies
  3 orc wizards (D:3)
  4 gnolls
  5 orcs (D:3)
  A ball python (D:3)
  2 goblins
  A hobgoblin (D:3)
  A giant gecko (D:3)
  A giant newt (D:3)
  2 kobolds (D:3)
  A rat (D:3)
24 creatures vanquished.

Grand Total: 139 creatures vanquished

Notes
Turn   | Place    | Note
--------------------------------------------------------------
     0 | D:1      | M4edhros, the Octopode Conjurer, began the quest for the Orb.
     0 | D:1      | Reached XP level 1. HP: 11/11 MP: 3/3
   173 | D:1      | Reached XP level 2. HP: 13/17 MP: 0/5
   839 | D:2      | Reached XP level 3. HP: 21/21 MP: 3/6
  1591 | D:2      | Reached XP level 4. HP: 25/27 MP: 0/9
  2047 | D:4      | Found a deep blue altar of Sif Muna.
  2237 | D:4      | Found a viscous altar of Jiyva.
  2381 | D:4      | Became a worshipper of Jiyva Jeiwimah the Shapeless
  2693 | D:4      | Acquired Jiyva's first power
  2996 | D:3      | Acquired Jiyva's second power
  3010 | D:3      | Reached XP level 5. HP: 23/31 MP: 12/12
  3071 | D:3      | Gained mutation: Your pliable body absorbs attacks (AC +1, EV +1). [Jiyva's grace]
  3075 | D:3      | Learned a level 2 spell: Searing Ray
  3080 | D:3      | Learned a level 4 spell: Iskenderun's Battlesphere
  3085 | D:3      | Learned a level 4 spell: Iskenderun's Mystic Blast
  3293 | D:2      | Acquired Jiyva's third power
  3398 | D:2      | Reached skill level 5 in Conjurations
  3399 | D:2      | Gained mutation: Your body is partially covered in golden eyeballs (Acc +3). [Jiyva's grace]
  3578 | D:3      | Reached skill level 1 in Charms
  3642 | D:3      | Noticed Ijyb
  3768 | D:3      | Noticed Grinder
  3774 | D:3      | Paralysed by Grinder for 5 turns
  3866 | D:4      | Got a crystal war axe
  3867 | D:4      | Identified the cursed -2,-2 war axe of Innocence {freeze, +Rage +Inv SInv} (You found it on level 4 of the Dungeon)
  3884 | D:4      | Found a shadowy altar of Dithmengos.
  3885 | D:4      | Found a basalt altar of Yredelemnul.
  4125 | D:5      | Entered Level 5 of the Dungeon
  4212 | D:5      | Noticed Menkaure
  4219 | D:5      | Killed Menkaure
  4219 | D:5      | Reached XP level 6. HP: 25/36 MP: 16/16
  4374 | D:5      | Found a staircase to the Ecumenical Temple.
  4527 | D:5      | Noticed Crazy Yiuf
  4536 | D:5      | Killed Crazy Yiuf
  4536 | D:5      | Reached skill level 5 in Spellcasting
  4636 | D:5      | Acquired Jiyva's fourth power
  4757 | D:6      | Reached XP level 7. HP: 37/41 MP: 18/18
  4996 | D:6      | Noticed ghwc's ghost (experienced MiFi)
  5069 | D:6      | Mangled by ghwc's ghost

Action                   |  1- 3 |  4- 6 |  7- 9 || total
-------------------------+-------+-------+-------++-------
Melee: Unarmed           |    57 |    25 |       ||    82
       War axe           |       |     2 |       ||     2
       Hammer            |       |     8 |     5 ||    13
 Cast: Magic Dart        |    85 |   100 |     5 ||   190
       Searing Ray       |       |    22 |     1 ||    23
       Iskenderun's Batt |       |       |     4 ||     4
Invok: Request Jelly     |       |     1 |       ||     1
  Use: Potion            |       |    10 |       ||    10
       Scroll            |       |     9 |       ||     9
 Stab: Sleeping          |       |     2 |     1 ||     3
